 Dungeon Crawl Stone Soup version 0.14-a0-1585-g835621a (webtiles) character file.

553 ReteAZ the Grappler (level 6, -14/37 HPs)
             Began as a Gargoyle Monk on Dec 22, 2013.
             Was a Believer of Makhleb.
             Demolished by an orc warrior
             ... wielding a +0,+0 orcish scimitar
              (15 damage)
             ... on Level 5 of the Dungeon.
             The game lasted 00:19:44 (4339 turns).

ReteAZ the Grappler (Gargoyle Monk)                 Turns: 4339, Time: 00:19:44

HP -14/37        AC 10     Str 15      XL: 6   Next: 80%
MP   0/6         EV 12     Int 12      God: Makhleb [**....]
Gold 163         SH  0     Dex 12      Spells:  0 memorised,  5 levels left

rFire  . . .     SeeInvis .       - Unarmed
rCold  . . .     Clarity  .     h - +0 ring mail
rNeg   + . .     Conserve .     (no shield)
rPois  +         rCorr    .     (no helmet)
rElec  +         rRot     +     (no cloak)
SustAb . .       Spirit   +     (no gloves)
rMut   .         Warding  .     t - +0 pair of orc boots
Saprov . . .     Stasis   .     u - amulet of guardian spirit
                                s - ring of sustenance
                                y - +3 ring of evasion

@: slightly resistant to hostile enchantments, unstealthy
A: life protection 1, electricity resistance, unbreathing, petrification
resistance, AC +4
a: Minor Destruction, Renounce Religion


You were on level 5 of the Dungeon.
You worshipped Makhleb.
Makhleb was pleased with you.
You were hungry.

You visited 2 branches of the dungeon, and saw 6 of its levels.

You collected 163 gold pieces.

Inventory:

Armour
 a - a +0 robe
 h - a +0 ring mail (worn)
 j - a +0 dwarven shield
 t - a +0 pair of orcish boots (worn)
Comestibles
 b - 4 bread rations
 n - a choko
 p - a pear
 B - 2 meat rations
Scrolls
 d - a scroll of blinking {unknown}
 e - 2 scrolls of identify {unknown}
 f - a scroll of enchant weapon II {unknown}
 g - a scroll of magic mapping {unknown}
 l - a scroll of recharging {unknown}
 o - 2 scrolls of curse armour {unknown}
 r - a scroll of remove curse
Jewellery
 s - a ring of sustenance (right hand)
 u - an amulet of guardian spirit (around neck)
 y - a +3 ring of evasion (left hand)
Potions
 c - a potion of restore abilities
 i - a potion of speed {unknown}
 m - a potion of degeneration {unknown}
 q - a potion of berserk rage {unknown}
 v - a potion of poison {unknown}
 z - a potion of brilliance {unknown}
Books
 w - a book of Ice

   Spells                             Type                      Level
   Freezing Aura                      Charms/Ice                   2
   Ensorcelled Hibernation            Hexes/Ice                    2
   Ozocubu's Refrigeration            Ice                          6
   Bolt of Cold                       Conjuration/Ice              6
   Freezing Cloud                     Conjuration/Ice/Air          6
   Metabolic Englaciation             Hexes/Ice                    6
   Simulacrum                         Ice/Necromancy               6
 x - a book of the Tempests

   Spells                             Type                      Level
   Static Discharge                   Conjuration/Air              3
   Lightning Bolt                     Conjuration/Air              5
   Fireball                           Conjuration/Fire             5
   Tornado                            Air                          9
   Shatter                            Earth                        9


   Skills:
 - Level 3.2 Fighting
 - Level 2.4 Dodging
 - Level 2.1 Stealth
 + Level 8.7 Unarmed Combat


You had 5 spell levels left.
You didn't know any spells.

Dungeon Overview and Level Annotations

Branches:
Dungeon (5/16)             Temple (1/1) D:4

Altars:
Ashenzari
Cheibriados
Elyvilon
Fedhas
Kikubaaqudgha
Makhleb
Okawaru
Vehumet
Xom
Yredelemnul
Zin
the Shining One

Annotations:
D:4 Prince Ribbit


Innate Abilities, Weirdness & Mutations

You are resistant to torment.
You are immune to poison.
Your stone body is very resilient (AC +4).
You resist negative energy.
You are resistant to electric shocks.
You can survive without breathing.
You are immune to petrification.


Message History

Press: ? - help, Shift-Dir - straight line, f/p - orc warrior
Aim: an orc warrior, wielding an orcish scimitar and wearing an orcish plate armour You throw a tomahawk.
The tomahawk hits the orc warrior.
You hit the orc warrior but do no damage.
The orc warrior barely misses you.
You hit the orc warrior but do no damage.
You punch the orc warrior, but do no damage.
The orc warrior hits you with an orcish scimitar!
An orc comes into view. It is wielding an orcish morningstar.
You closely miss the orc warrior.
The orc shouts!
The orc warrior hits you with an orcish scimitar!
You barely miss the orc warrior. You barely miss the orc warrior.
The orc warrior hits you with an orcish scimitar!
* * * LOW HITPOINT WARNING * * *
Drink which item? (? for menu, Esc to quit)
You feel refreshed.
It was a potion of restore abilities.
The orc warrior hits you with an orcish scimitar!
You die...

#.........########.#
#.........# #.#
#.........########.# #
#######..........#.# #
#..........#.# ######
#..........#.# .....#
#..........#.#
(....#############..........#.#
.....((..o.o..oo@.).........'.#
....(.........####..........#.#
###...........# #.##########.#
# #...........#
#.##########.###
###...........#
#.......)..)....
.##...........#
#.##########.###
.##...........# #)# #.#
o##...........####.####### #.#
.#############...........# #.#


You could see an orc warrior, an orc priest and 2 orcs.

Vanquished Creatures
  2 crimson imps (D:5)
  2 orc priests (D:5)
  3 orc wizards
  A hound skeleton (D:5)
  8 adders
  An inept feature mimic (D:3)
  An adder skeleton (D:5)
  5 giant geckos
  An ooze (D:5)
  7 orcs
  2 ball pythons
  9 bats
  6 hobgoblins
  2 quokkas
  8 giant cockroaches
  3 giant newts
  10 goblins
  3 jackals (D:5)
  10 kobolds
  13 rats
  2 rat skeletons
  A rat zombie (D:5)
100 creatures vanquished.

Notes
Turn   | Place    | Note
--------------------------------------------------------------
     0 | D:1      | ReteAZ, the Gargoyle Monk, began the quest for the Orb.
     0 | D:1      | Reached XP level 1. HP: 14/14 MP: 1/1
   264 | D:1      | Reached XP level 2. HP: 16/19 MP: 2/2
   316 | D:1      | Reached skill level 5 in Unarmed Combat
   746 | D:1      | Reached XP level 3. HP: 23/23 MP: 3/3
  1474 | D:2      | Reached skill level 6 in Unarmed Combat
  1474 | D:2      | Reached XP level 4. HP: 13/28 MP: 4/4
  1611 | D:2      | Found a glowing silver altar of Zin.
  2354 | D:3      | Found a basalt altar of Yredelemnul.
  2359 | D:3      | Found a shimmering altar of Xom.
  2427 | D:3      | Found a shattered altar of Ashenzari.
  2666 | D:3      | Reached XP level 5. HP: 32/32 MP: 5/5
  2730 | D:3      | Reached skill level 7 in Unarmed Combat
  2864 | D:4      | Found a staircase to the Ecumenical Temple.
  2876 | Temple   | Entered the Ecumenical Temple
  3022 | Temple   | Became a worshipper of Makhleb the Destroyer
  3022 | Temple   | Acquired Makhleb's first power
  3022 | Temple   | Acquired Makhleb's second power
  3284 | D:4      | Noticed Prince Ribbit
  3601 | D:5      | Entered Level 5 of the Dungeon
  3797 | D:5      | Reached XP level 6. HP: 20/37 MP: 1/6
  3967 | D:5      | Reached skill level 8 in Unarmed Combat
  4305 | D:5      | Found a white marble altar of Elyvilon.
  4338 | D:5      | HP: 1/37 [orc warrior/orcish scimitar (13)]
  4339 | D:5      | Demolished by an orc warrior

Action                   |  1- 3 |  4- 6 || total
-------------------------+-------+-------++-------
Melee: Unarmed           |   140 |   269 ||   409
Throw: Tomahawk          |       |     4 ||     4
Invok: Minor Destruction |       |     1 ||     1
  Use: Scroll            |       |     2 ||     2
       Potion            |       |     1 ||     1
 Stab: Sleeping          |     1 |       ||     1
